 Dungeon Crawl Stone Soup version 0.31-a0-750-gfe7b580527 (webtiles) character file.

Game seed: 16171357324783114514

87 randomguy2701 the Trooper (level 4, -1/41 HPs)
             Began as a Hill Orc Fighter on Sept 14, 2023.
             Killed from afar by an orc wizard (2 damage)
             ... with a magic dart
             ... on level 3 of the Dungeon.
             The game lasted 00:01:12 (1251 turns).

randomguy2701 the Trooper (Hill Orc Fighter)        Turns: 1251, Time: 00:01:13

Health: -1/41      AC:  7    Str: 18    XL:     4   Next: 51%
Magic:  4/4        EV:  9    Int:  8    God:
Gold:   128        SH:  4    Dex: 12    Spells: 3/3 levels left

rFire   . . .        a - +0 war axe
rCold   . . .        c - +0 buckler
rNeg    . . .        b - +0 scale mail
rPois   .            (no helmet)
rElec   .            (no cloak)
rCorr   .            (no gloves)
SInv    .            (no boots)
Will    .....        (no amulet) Stlth
                     (no ring)
HPRegen 0.26/turn    (no ring)
MPRegen 0.09/turn

%: no passive effects
@: no status effects
A: no striking features
a: no special abilities


You were on level 3 of the Dungeon.
You visited 1 branch of the dungeon, and saw 3 of its levels.

You collected 128 gold pieces.

Inventory:

Hand Weapons
 a - a +0 war axe (weapon)
Armour
 b - a +0 scale mail (worn)
 c - a +0 buckler (worn)
Scrolls
 e - a scroll of noise {unknown}
 f - a scroll of summoning {unknown}
 g - a scroll of fear {unknown}
 h - 4 scrolls of identify {unknown}
 j - 2 scrolls of teleportation {unknown}
 l - a scroll of vulnerability {unknown}
 n - a scroll of blinking {unknown}
 o - a scroll of enchant armour {unknown}
Potions
 d - 2 potions of might
 i - a potion of heal wounds {unknown}
 k - a potion of curing {unknown}
 m - 2 potions of enlightenment {unknown}


   Skills:
 + Level 4.4 Fighting
 + Level 4.2 Axes
 + Level 3.7 Armour
 + Level 0.6 Dodging
 + Level 3.6 Shields


You had 3 spell levels left.
You didn't know any spells.
Your spell library was empty.

Dungeon Overview and Level Annotations

Branches:
Dungeon (3/15)

Altars:


Message History

You feel less confused. The orc misses you.
You hear some strange, mumbled words.
You are confused.
You bump into the rock wall.
The orc barely misses you. Something hits you but does no damage.
Unknown command.
You closely miss something. You hit the orc but do no damage.
The orc hits you with a +0 short sword.
* * * LOW HITPOINT WARNING * * *
Something hits you.
* * * LOW HITPOINT WARNING * * *
You completely miss something. You barely miss the orc.
The orc curses noisily.
The orc hits you with a +0 short sword.
* * * LOW HITPOINT WARNING * * *
Something hits you.
* * * LOW HITPOINT WARNING * * *
Unknown command.
You're too confused to move!
The orc barely misses you. Something hits you but does no damage.
You miss something. You barely miss the orc.
The orc hits you with a +0 short sword.
* * * LOW HITPOINT WARNING * * *
Something hits you but does no damage.
You bump into the rock wall.
You feel less confused. You block the orc's attack.
Something hits you but does no damage. The orc misses you. Something hits you.
* * * LOW HITPOINT WARNING * * *
You see here a bat corpse.
You hit the orc but do no damage.
The orc is moderately wounded.
You closely miss something. The orc barely misses you.
You hear some strange, mumbled words.
Something tries to affect you, but you resist.
You hear some strange, mumbled words.
A magic dart appears from out of thin air!
The magic dart hits you.
You die...

#.# #.# ### #.#
#<# #.# #.###.#
# #.##..# #####
#.#.##{.#......
##....@o.)....$.
#.....o#'#......
#...>..##o#
###.#
#......#...
#......#8.8#
........#...#
##.#.#####'##
#... ... ####


You could see 2 orcs.

Vanquished Creatures
  Robin (D:2)
  An adder (D:2)
  3 dart slugs
  2 orcs (D:3)
  3 ball pythons (D:1)
  2 endoplasms
  4 giant cockroaches
  11 goblins
  9 hobgoblins
  A quokka (D:1)
  4 bats
  4 frilled lizards
  5 kobolds
  3 rats
53 creatures vanquished.

Notes
Turn   | Place    | Note
-------+----------+-------------------------------------------
     0 | D:1      | randomguy2701 the Hill Orc Fighter began the quest for the
                  | Orb.
     0 | D:1      | Reached XP level 1. HP: 19/19 MP: 1/1
    54 | D:1      | Reached XP level 2. HP: 27/27 MP: 2/2
   373 | D:1      | Reached XP level 3. HP: 32/33 MP: 3/3
   581 | D:2      | Noticed Robin
   592 | D:2      | Killed Robin
   649 | D:2      | Reached XP level 4. HP: 38/40 MP: 4/4
   795 | D:2      | Found a faded altar of an unknown god.
  1247 | D:3      | HP: 2/41 [orc/+0 short sword (4)]
  1251 | D:3      | Killed from afar by an orc wizard

Illustrated notes

Levels and vault maps discovered:
D:1:      scummos_arrival_simple_crosswalls, layout_rooms,
          minmay_misc_feat_enclosed, minmay_stone_trees_medium
D:2:      layout_basic, hellmonk_ecumenical_altar_zigzags, uniq_robin
D:3:      layout_basic, serial_shops, shop, pf_guarded_unrand_delatra

Skill      XL: |  1  2  3  4 |
---------------+-------------+-----
Fighting       | 4 |  4.4
Axes           | 3 4 |  4.2
Armour         | |  3.7
Dodging        | |  0.6
Shields        | |  3.6

Action                     |  1- 3 |  4- 6 || total
---------------------------+-------+-------++-------
  Melee: War axe           |    65 |    64 ||   129
 Armour: Scale mail        |    51 |    74 ||   125
  Dodge: Dodged            |    44 |    43 ||    87
  Block: Buckler           |    18 |    12 ||    30

Table legend: (Time is in decaauts)
 A = Elapsed time spent in this place.
 B = Non-inter-level travel time spent in this place.
 C = Inter-level travel time spent in this place.
 D = Time resting spent in this place.
 E = Time spent auto-exploring this place.
 F = Levels seen in this place.
 G = Mean time per level.
                   A        B        C        D        E       F      G
               +--------+--------+--------+--------+--------+-----+--------+
         Total |   1295 |   1256 |     39 |      0 |    961 |   3 |  431.7 |
       Dungeon |   1295 |   1256 |     39 |      0 |    961 |   3 |  431.7 |
               +--------+--------+--------+--------+--------+-----+--------+

Top non-repeatable levels by time:
     D:2: 734 daAuts
     D:1: 511 daAuts
     D:3: 49 daAuts
